[Event "Titled Tuesday Blitz May 31 Early 2022"]
[White "Meunier-Pion, Jean"]
[Black "Marin Ramirez, Gerardo"]
[WhiteFideId "20685327"]
[BlackFideId "3901068"]
[WhiteElo "2124"]
[BlackElo "1920"]
[Result "1-0"]
[Round "04"]
[TimeControl "180+1"]
[Date "2022.06.01"]
[WhiteClock "0:00:03"]
[BlackClock "0:00:01"]

1. e4 c5 2. Nf3 d6 3. d4 cxd4 4. Nxd4 Nf6 5. Nc3 a6 6. h3 e6 7. g4 b5 8. Bg2 Bb7 9. g5 Nfd7 10. f4 Qc7 11. Be3 Nb6 12. Qe2 N8d7 13. O-O-O Be7 14. h4 Rc8 15. h5 Nc4 16. g6 Nxb2 17. gxf7+ Kxf7 18. Nxe6 Qxc3 19. Bd4 Qc4 20. Qxc4 Nxc4 21. Nxg7 Bf6 22. h6 Bxd4 23. Rxd4 Nf6 24. Re1 Rc7 25. Bh3 Bc8 26. Bg2 Ng4 27. Bf3 Nxh6 28. Rg1 Rg8 29. Bh5+ Kf8 30. e5 Rgxg7 31. Rf1 Bg4 32. exd6 Rcd7 33. Bxg4 Nxg4 34. Re1 Nf6 35. Rd3 Rxd6 36. Rh3 Kf7 37. Rh2 Re6 38. Rd1 Rg4 39. a4 Rxf4 40. axb5 axb5 41. Kb1 Re2 42. Rxe2 h5 43. Rde1 h4 44. Re7+ Kg6 45. Rg1+ Kf5 46. Reg7 h3 47. R7g5+ Ke4 48. Rxb5 Kf3 49. Rb3+ Ke2 50. Rxh3 Nd2+ 51. Kb2 Rb4+ 52. Ka3 Rd4 53. Rh2+ Ke3 54. Rg3+ Nf3 55. Rhh3 1-0


[Site "https://www.chess.com"]

[Event "Titled Tuesday Blitz May 31 Early 2022"]
[White "Namitbir Singh Walia"]
[Black "Kuderinov, Kirill"]
[WhiteFideId "35071068"]
[BlackFideId "13701568"]
[WhiteElo "1565"]
[BlackElo "2432"]
[Result "1/2-1/2"]
[Round "04"]
[TimeControl "180+1"]
[Date "2022.06.01"]
[WhiteClock "0:00:06"]
[BlackClock "0:00:24"]

1. d4 Nf6 2. c4 d5 3. cxd5 c6 4. dxc6 Nxc6 5. Nf3 e5 6. e3 exd4 7. Nxd4 Bg4 8. Be2 Bxe2 9. Nxe2 Qxd1+ 10. Kxd1 O-O-O+ 11. Ke1 Nb4 12. Na3 Nd3+ 13. Kf1 Nf4 14. Nc3 Ne4 15. Nab5 a6 16. Nd4 Nxc3 17. bxc3 Nd5 18. Bd2 Nb6 19. Ke2 Nc4 20. a4 Bc5 21. Kd3 Ne5+ 22. Ke2 g6 23. Bc1 Nc4 24. Kd3 Ne5+ 25. Ke2 f5 26. Ba3 Bxa3 27. Rxa3 f4 28. exf4 Nc4 29. Rb3 Rhe8+ 30. Kd3 Na5 31. Rb2 Re7 32. Rhb1 Nc6 33. Rd2 Red7 34. Kc4 Rc7 35. Kb3 Na5+ 36. Kb4 b6 37. Rbd1 Rc4+ 38. Ka3 Rxc3+ 39. Kb2 Rc4 40. Nb3 Rxd2+ 41. Rxd2 Rb4 42. Rd3 Rxa4 43. Nxa5 Rxa5 44. Rh3 Rf5 45. Rxh7 Rxf4 46. f3 a5 47. Ra7 Kb8 48. Rg7 Rf6 49. h4 b5 50. Kb3 Rc6 51. g4 Rf6 52. Kb2 a4 53. f4 b4 54. Ka2 Re6 55. f5 Re2+ 56. Kb1 b3 57. Rxg6 Kb7 58. Rd6 a3 59. Rd1 Re4 60. Rf1 a2+ 61. Kb2 Rxg4 62. f6 Rg2+ 63. Kxb3 Rf2 64. Ra1 Rxf6 65. Rxa2 Rf3+ 66. Kc4 Rf4+ 67. Kd5 Rxh4 68. Rb2+ Kc7 69. Rc2+ Kd7 70. Rb2 Rh5+ 71. Ke4 Kc6 72. Rc2+ Kd6 73. Rd2+ Ke6 74. Rb2 Rh4+ 75. Kf3 Ra4 76. Rb6+ Kd5 77. Rb5+ Kd4 78. Rf5 Ra1 79. Rf4+ Ke5 80. Re4+ Kd5 81. Rh4 Rf1+ 82. Ke2 Ra1 83. Kd2 Ra2+ 84. Kc3 Ra3+ 85. Kb2 Rg3 86. Kc2 Rg2+ 87. Kd3 Rg3+ 88. Ke2 Rg5 89. Kf2 Ke5 90. Ke3 Kf5 91. Rf4+ Ke5 92. Rh4 Kd5 93. Kf3 Rf5+ 94. Ke3 Rg5 95. Kf3 Ke5 96. Ke3 1/2-1/2


[Site "https://www.chess.com"]

[Event "Titled Tuesday Blitz May 31 Early 2022"]
[White "Nasir, Zehn"]
[Black "Livaic, Leon"]
[WhiteFideId "2613239"]
[BlackFideId "14531534"]
[WhiteElo "1993"]
[BlackElo "2540"]
[Result "0-1"]
[Round "04"]
[TimeControl "180+1"]
[Date "2022.06.01"]
[WhiteClock "0:00:05"]
[BlackClock "0:00:35"]

1. d4 Nf6 2. Bf4 d5 3. e3 c5 4. c3 cxd4 5. exd4 Nc6 6. Nd2 Bg4 7. Qb3 Qc8 8. Ngf3 e6 9. Ne5 Nxe5 10. dxe5 Nd7 11. c4 Be7 12. cxd5 exd5 13. Qxd5 O-O 14. Bd3 Nc5 15. Bb1 Rd8 16. Qc4 b5 17. Qc3 Ne6 18. Be3 Qxc3 19. bxc3 Ba3 20. Be4 Rac8 21. h3 Bh5 22. g4 Bg6 23. Bxg6 hxg6 24. Ne4 Rc4 25. f3 Bb2 26. Rb1 Bxc3+ 27. Nxc3 Rxc3 28. Bxa7 Rxf3 29. Ke2 Ra3 30. Be3 Rxa2+ 31. Kf3 Ra3 32. Ke2 Rdd3 33. Bd2 Nd4+ 34. Kd1 Ra2 35. Rh2 Nf3 36. Rf2 Rdxd2+ 37. Rxd2 Rxd2+ 38. Kc1 Rd5 39. Rb3 Nxe5 0-1


[Site "https://www.chess.com"]

[Event "Titled Tuesday Blitz May 31 Early 2022"]
[White "Oliveira, Jonathan De"]
[Black "De Silva, L M S T"]
[WhiteFideId "2180820"]
[BlackFideId "9953698"]
[WhiteElo "2075"]
[BlackElo "1631"]
[Result "1/2-1/2"]
[Round "04"]
[TimeControl "180+1"]
[Date "2022.06.01"]
[WhiteClock "0:00:12"]
[BlackClock "0:00:04"]

1. e4 e5 2. Nf3 Nc6 3. d4 exd4 4. Nxd4 Nf6 5. Nxc6 bxc6 6. Bd3 d5 7. exd5 cxd5 8. O-O Be7 9. c4 d4 10. Bg5 O-O 11. Nd2 Bb7 12. Re1 h6 13. Bh4 c5 14. Qc2 Re8 15. Re2 Ng4 16. Bxe7 Rxe7 17. Rae1 Qd6 18. Nf1 Rae8 19. Rxe7 Rxe7 20. Rxe7 Qxe7 21. h3 Ne5 22. Be4 Bxe4 23. Qxe4 d3 24. f4 Qd8 25. fxe5 d2 26. Nxd2 Qxd2 27. Qa8+ Kh7 28. Qe4+ g6 29. Qd5 Qxb2 30. Qxf7+ Kh8 31. Qf8+ Kh7 32. Qxc5 h5 33. e6 Qa1+ 34. Kh2 Qe1 35. Qe7+ Kh6 36. Qf8+ Kh7 37. Qf7+ Kh6 38. Qf6 h4 39. Qh8+ Kg5 40. Qd8+ Kf5 41. Qd5+ Kf6 42. Qd8+ Kf5 43. Qd5+ Kf6 44. Qd8+ Ke5 45. e7 Qg3+ 46. Kg1 Qe1+ 47. Kh2 Qg3+ 48. Kg1 Qe1+ 49. Kh2 1/2-1/2


[Site "https://www.chess.com"]

[Event "Titled Tuesday Blitz May 31 Early 2022"]
[White "Onslow, Alfie"]
[Black "Levitskiy, Andrey"]
[WhiteFideId "436976"]
[BlackFideId "14132885"]
[WhiteElo "1885"]
[BlackElo "2301"]
[Result "0-1"]
[Round "04"]
[TimeControl "180+1"]
[Date "2022.06.01"]
[WhiteClock "0:00:01"]
[BlackClock "0:00:03"]

1. Nf3 d5 2. c4 d4 3. b4 f6 4. e3 e5 5. exd4 exd4 6. d3 Bxb4+ 7. Bd2 a5 8. Be2 Ne7 9. O-O Nbc6 10. a3 Bxd2 11. Nbxd2 O-O 12. Qb3 Kh8 13. Ne4 Bf5 14. Nfd2 b6 15. f4 Qd7 16. h3 a4 17. Qb2 Rfe8 18. Bf3 Bg6 19. g4 f5 20. Nf2 h6 21. Kg2 Rf8 22. Rae1 fxg4 23. hxg4 Rxf4 24. Rxe7 Qxe7 25. Bxc6 Raf8 26. Nde4 Qh4 27. Qe2 Rf3 28. Qxf3 Rxf3 29. Kxf3 Qe7 30. Ke2 Qxa3 31. Bd5 Qb2+ 32. Kf3 a3 33. Nd1 Qc2 34. Ndf2 a2 35. c5 bxc5 36. Ra1 c4 37. Bxc4 Bxe4+ 38. Nxe4 Qh2 39. Rxa2 Qh3+ 40. Kf4 Kh7 41. Ng3 Qh4 42. Kf3 Qf6+ 43. Kg2 Qf4 44. Rf2 Qxg4 45. Bd5 Qd1 46. Be4+ Kg8 47. Bd5+ Kh7 48. Rf8 g6 49. Rf7+ Kh8 50. Be4 Kg8 51. Rxc7 Qd2+ 52. Kh3 Qf4 53. Rc8+ Kg7 54. Rc4 h5 55. Kg2 h4 56. Ne2 Qd2 57. Kf2 Qe3+ 58. Kf1 h3 59. Rc6 g5 60. Rg6+ Kf7 61. Rh6 g4 62. Rh7+ Kf6 63. Rh6+ Kg5 64. Rg6+ Kh4 65. Bh1 h2 66. Bg2 g3 0-1


[Site "https://www.chess.com"]

[Event "Titled Tuesday Blitz May 31 Early 2022"]
[White "Pakleza, Zbigniew"]
[Black "Vlachos, Anatole"]
[WhiteFideId "1119290"]
[BlackFideId "26093189"]
[WhiteElo "2467"]
[BlackElo "2361"]
[Result "1/2-1/2"]
[Round "04"]
[TimeControl "180+1"]
[Date "2022.05.31"]
[WhiteClock "0:00:06"]
[BlackClock "0:00:08"]

1. d4 g6 2. Nf3 Bg7 3. Bf4 d6 4. e3 Nd7 5. h3 e5 6. Bh2 Qe7 7. Be2 f5 8. O-O Ngf6 9. c4 O-O 10. Nc3 c6 11. Rc1 e4 12. Nd2 a5 13. a3 Ne8 14. b4 axb4 15. axb4 Ndf6 16. Qb3 Kh8 17. Ra1 Rxa1 18. Rxa1 Be6 19. Ra7 Qc7 20. Qa4 g5 21. c5 Nd5 22. Nxd5 Bxd5 23. cxd6 Nxd6 24. Ra8 Rxa8 25. Qxa8+ Qc8 26. Qa7 Nb5 27. Qc5 Bf8 28. Qc2 Qd7 29. Be5+ Kg8 30. Nc4 Bf7 31. Qd2 Qe7 32. Na5 Qxb4 33. Qxb4 Bxb4 34. Nxb7 Bd5 35. f3 Nc3 36. Kf2 Nxe2 37. Kxe2 Kf7 38. Kf2 h5 39. Nc5 Bxc5 40. dxc5 Ke6 41. f4 g4 42. h4 Bc4 43. g3 Kd5 44. Bd4 Bd3 45. Ke1 Kc4 46. Kd2 Kb3 47. Kc1 Bc4 48. Kd2 Bd3 49. Kc1 Bc4 50. Kd2 Bd3 1/2-1/2


[Site "https://www.chess.com"]

[Event "Titled Tuesday Blitz May 31 Early 2022"]
[White "Pichot, Alan"]
[Black "Kozlov, Oleg"]
[WhiteFideId "110973"]
[BlackFideId "4104544"]
[WhiteElo "2579"]
[BlackElo "2132"]
[Result "0-1"]
[Round "04"]
[TimeControl "180+1"]
[Date "2022.05.31"]
[WhiteClock "0:00:04"]
[BlackClock "0:00:08"]

1. e4 c6 2. d4 d5 3. e5 Bf5 4. h4 h5 5. Bd3 Bxd3 6. Qxd3 e6 7. Bg5 Qa5+ 8. Nd2 Qa6 9. Qxa6 Nxa6 10. c3 c5 11. a3 Ne7 12. Ne2 Nc6 13. b4 cxb4 14. axb4 Nc7 15. Nb3 Nb5 16. Kd2 Be7 17. Nc5 b6 18. Nd3 Kd7 19. Ra6 Nc7 20. Ra2 a5 21. b5 Na7 22. Rb1 Naxb5 23. Bxe7 Kxe7 24. Rb3 a4 25. Rb4 a3 26. f3 Ra5 27. Nef4 g6 28. g3 Rb8 29. g4 Rh8 30. gxh5 gxh5 31. Ne1 Kd7 32. Neg2 Kc6 33. Ne3 Na6 34. Rb3 Nac7 35. Kd3 Ra4 36. Nc2 Rha8 37. Nb4+ Kb7 38. Nc2 Kc6 39. Rb1 Rc4 40. Ne2 Rca4 41. Ne3 Na6 42. Nf4 Na7 43. Rg1 b5 44. Rg7 Rf8 45. Nxe6 fxe6 46. Rxa7 Nb4+ 47. cxb4 Rxa7 48. Ke2 Ra4 49. Nc2 Rc8 50. Rxa3 Rxa3 51. Nxa3 Ra8 52. Nc2 Ra2 53. Kd3 Kd7 54. Ne3 Ra3+ 55. Ke2 Ke7 56. f4 Kf7 57. f5 Rb3 58. Nc2 exf5 59. Ne3 Ke6 60. Kf3 Rxb4 61. Nc2 Rc4 0-1


[Site "https://www.chess.com"]

[Event "Titled Tuesday Blitz May 31 Early 2022"]
[White "Plazuelo Pascual, Juan"]
[Black "Tahbaz, Arash"]
[WhiteFideId "32059566"]
[BlackFideId "12528846"]
[WhiteElo "2359"]
[BlackElo "2381"]
[Result "0-1"]
[Round "04"]
[TimeControl "180+1"]
[Date "2022.05.31"]
[WhiteClock "0:00:23"]
[BlackClock "0:00:59"]

1. d4 Nf6 2. c4 g6 3. Nc3 Bg7 4. e4 d6 5. f3 O-O 6. Be3 Nc6 7. Nge2 a6 8. Qd2 Na5 9. Nc1 Nd7 10. Nb3 c5 11. dxc5 Nxb3 12. axb3 Nxc5 13. b4 Nb3 14. Qd1 Nxa1 15. Qxa1 a5 16. b5 a4 17. Qa3 Qa5 18. Bd2 Be6 19. Nd5 Qd8 20. Bd3 Bxd5 21. cxd5 Qb6 22. Ke2 Rfc8 23. h4 Qc5 24. Bb4 Qd4 25. Bc3 Qb6 26. Bd2 Re8 27. h5 Rec8 28. hxg6 hxg6 29. Bg5 Qd4 30. Rb1 Qe5 31. Be3 Qg3 32. Kf1 Be5 33. Qb4 a3 34. bxa3 Rc3 35. Rb3 Rxb3 36. Qxb3 Qh2 37. a4 Bg3 38. Bg1 Qh1 0-1


[Site "https://www.chess.com"]

[Event "Titled Tuesday Blitz May 31 Early 2022"]
[White "Pranav, V"]
[Black "Dronavalli, Harika"]
[WhiteFideId "25060783"]
[BlackFideId "5015197"]
[WhiteElo "2349"]
[BlackElo "2382"]
[Result "1/2-1/2"]
[Round "04"]
[TimeControl "180+1"]
[Date "2022.05.31"]
[WhiteClock "0:00:51"]
[BlackClock "0:00:19"]

1. e4 c5 2. Nf3 e6 3. b3 Nc6 4. Bb2 Qc7 5. g3 Nf6 6. e5 Nd5 7. Bg2 Be7 8. O-O O-O 9. Re1 b5 10. Nc3 Nxc3 11. dxc3 Bb7 12. h4 Rfd8 13. Qe2 a6 14. h5 h6 15. c4 d5 16. exd6 Bxd6 17. Rad1 Bf8 18. Ne5 Nxe5 19. Bxe5 Qb6 20. Be4 Bxe4 21. Qxe4 Rxd1 22. Rxd1 Rd8 23. Rxd8 Qxd8 24. cxb5 axb5 25. a4 bxa4 26. bxa4 Qa5 27. Kg2 c4 28. Qd4 Qxa4 29. Qd8 Qc6+ 30. Kg1 Qd5 31. Qb8 f6 32. Bc3 Qd1+ 33. Kg2 Qd5+ 34. Kg1 Qd6 35. Qc8 Qd1+ 36. Kg2 Qd5+ 37. Kg1 Kf7 38. Qc7+ Kg8 39. Qc8 Kf7 40. Qc7+ Kg8 41. Qc8 1/2-1/2


[Site "https://www.chess.com"]

[Event "Titled Tuesday Blitz May 31 Early 2022"]
[White "Pranesh M"]
[Black "Ajay Krishna, S"]
[WhiteFideId "35028600"]
[BlackFideId "5096430"]
[WhiteElo "1902"]
[BlackElo "2247"]
[Result "1/2-1/2"]
[Round "04"]
[TimeControl "180+1"]
[Date "2022.06.01"]
[WhiteClock "0:01:11"]
[BlackClock "0:00:46"]

1. e4 e5 2. Nf3 Nc6 3. d4 exd4 4. Bc4 d6 5. Nxd4 Bd7 6. Nc3 Nf6 7. O-O Be7 8. Bf4 O-O 9. h3 Nxd4 10. Qxd4 Nh5 11. Bh2 Bf6 12. Qd2 Bxc3 13. Qxc3 Qf6 14. e5 dxe5 15. Bxe5 Qg6 16. Bd3 Bf5 17. Bxf5 Qxf5 18. g4 Qg6 19. Qxc7 Rac8 20. Qxb7 Rxc2 21. Rad1 Nf6 22. Rd6 Qe4 23. Qxe4 Nxe4 24. Rd7 Nd2 25. Bd6 Nxf1 26. Bxf8 Kxf8 27. Kxf1 Rxb2 28. Rxa7 g5 29. Ra5 h6 30. Kg2 Kg7 31. Kg3 Kg6 32. Ra6+ f6 33. Ra7 h5 34. gxh5+ Kxh5 35. a4 Ra2 36. a5 f5 37. a6 Ra3+ 38. Kg2 g4 39. h4 Kxh4 40. Ra8 Kg5 41. Rg8+ Kf4 42. Rg6 Ra2 43. Rb6 Ra3 44. Rg6 Ra2 45. Rb6 g3 46. Rb4+ Kg5 47. Kxg3 Rxa6 48. Rb3 Rc6 49. Rb4 Rd6 50. f4+ Kh5 51. Rb3 Rc6 52. Kf3 Rd6 53. Rb5 Rd3+ 54. Ke2 Rh3 55. Rxf5+ Kg4 56. Rf8 Ra3 57. Rf7 Rb3 58. f5 Kg5 59. Rf8 Rb5 60. f6 Kg6 61. Ke3 Rf5 62. Ke4 Rxf6 63. Rb8 Rc6 64. Kd5 Rf6 65. Ke5 Rc6 66. Rg8+ Kf7 67. Rg1 Re6+ 68. Kd5 Re2 69. Rh1 Kg7 70. Rf1 Kg6 71. Kd4 Kg5 72. Rg1+ Kf6 73. Kd3 Re7 74. Rb1 Kf7 75. Rb6 Kf8 76. Kd4 Ke8 77. Kd5 Kf7 78. Rb8 Kg7 79. Kd6 Re2 80. Rb3 Kf7 81. Rf3+ Kg6 82. Kd5 Kg5 83. Rf1 Kg4 84. Kd4 Kg5 85. Rf7 Re8 86. Rg7+ Kf6 87. Rg1 Kf7 88. Rf1+ Kg7 89. Kd5 Kg6 90. Kd6 Kg5 91. Rf7 Kg6 92. Rf1 Kg5 93. Kd7 Re2 94. Rg1+ Kf5 95. Kd6 Re3 96. Kd5 1/2-1/2


[Site "https://www.chess.com"]

[Event "Titled Tuesday Blitz May 31 Early 2022"]
[White "Rustemov, Alexander"]
[Black "Girsh, Daniel"]
[WhiteFideId "4119002"]
[BlackFideId "30949190"]
[WhiteElo "2837"]
[BlackElo "2455"]
[Result "0-1"]
[Round "04"]
[TimeControl "180+1"]
[Date "2022.05.31"]
[WhiteClock "0:00:01"]
[BlackClock "0:00:29"]

1. d4 Nf6 2. c4 e6 3. Nf3 d5 4. Nc3 a6 5. cxd5 exd5 6. Bg5 Be7 7. e3 O-O 8. Bd3 Nbd7 9. Qc2 Re8 10. O-O c6 11. h3 Nf8 12. Bf4 Ng6 13. Bh2 Bd6 14. Bxd6 Qxd6 15. Rab1 Qe7 16. b4 Ne4 17. a4 Nh4 18. Nxh4 Qxh4 19. Bxe4 dxe4 20. f3 Bf5 21. f4 Re6 22. Qf2 Qh5 23. Ne2 Rh6 24. Ng3 Qg6 25. b5 cxb5 26. axb5 a5 27. Rfc1 a4 28. Rc7 a3 29. Rxb7 Bc8 30. Re7 Kf8 31. Rc7 Qb6 32. Rc6 Rxc6 33. Nxe4 a2 34. Ra1 Qxb5 35. Kh2 Qc4 36. Nc5 Rxc5 37. dxc5 Be6 38. Qd2 Qxc5 39. g4 Qd5 40. Qc3 Qc4 41. Kg3 Qxc3 0-1


[Site "https://www.chess.com"]

[Event "Titled Tuesday Blitz May 31 Early 2022"]
[White "Sadhwani, Raunak"]
[Black "Meshkovs, Nikita"]
[WhiteFideId "35093487"]
[BlackFideId "11602740"]
[WhiteElo "2616"]
[BlackElo "2506"]
[Result "1-0"]
[Round "04"]
[TimeControl "180+1"]
[Date "2022.05.31"]
[WhiteClock "0:00:26"]
[BlackClock "0:00:04"]

1. e4 c5 2. Nf3 Nc6 3. Bb5 g6 4. Bxc6 dxc6 5. d3 Nf6 6. Nc3 Nh5 7. Be3 b6 8. h3 Qc7 9. Qd2 e5 10. O-O-O f6 11. g4 Ng7 12. g5 Be7 13. gxf6 Bxf6 14. Rdg1 Rf8 15. h4 Be6 16. Bg5 O-O-O 17. Qe3 Nh5 18. b3 Kb7 19. Kb2 Rd7 20. Rh2 Rdf7 21. Bh6 Re8 22. a4 a5 23. Bg5 Bg7 24. Nd2 Ref8 25. Nc4 Nf4 26. Qd2 Nh5 27. Be3 Bf6 28. Bh6 Bg7 29. Bxg7 Nxg7 30. Ne3 Nh5 31. Ncd1 Qd8 32. Qc3 Qd4 33. Rg5 Bd7 34. Rxe5 h6 35. Nc4 Kc7 36. Qxd4 cxd4 37. c3 dxc3+ 38. Kxc3 Nf6 39. Nde3 Bc8 40. Rg2 Nd7 41. Rxg6 Nxe5 42. Nxe5 Rf6 43. Rg7+ Kb8 44. N3c4 b5 45. Nxa5 Ka8 46. Naxc6 Bb7 47. axb5 Bxc6 48. bxc6 Rc8 49. f3 Re6 50. d4 Kb8 51. f4 Rd6 52. d5 h5 53. Kd4 Rf6 54. Nd7+ Kc7 55. Nxf6+ Kb6 56. e5 Ra8 57. Nd7+ Ka6 58. Nc5+ Ka5 59. Rb7 Rb8 60. b4# 1-0


[Site "https://www.chess.com"]

[Event "Titled Tuesday Blitz May 31 Early 2022"]
[White "Sadubayev, Airat"]
[Black "Neelotpal, Das"]
[WhiteFideId "13713264"]
[BlackFideId "5003512"]
[WhiteElo "2234"]
[BlackElo "2405"]
[Result "1-0"]
[Round "04"]
[TimeControl "180+1"]
[Date "2022.06.01"]
[WhiteClock "0:00:06"]
[BlackClock "0:00:10"]

1. e4 c5 2. Nf3 Nc6 3. d4 cxd4 4. Nxd4 Qb6 5. Nb3 e6 6. Nc3 Bb4 7. Bd3 Nf6 8. O-O O-O 9. Be3 Qc7 10. f4 Bxc3 11. bxc3 d6 12. g4 e5 13. f5 d5 14. exd5 Nxd5 15. Bd2 f6 16. Qf3 Nce7 17. c4 Nb6 18. c5 Nd7 19. Ba5 Qc6 20. Be4 Qa6 21. Qd3 Qxd3 22. cxd3 Nc6 23. Bc3 Rd8 24. Rab1 Ndb8 25. Kf2 Bd7 26. Ke3 Na6 27. Rb2 Nc7 28. Rfb1 Nb5 29. Bd2 Na3 30. Rc1 Be8 31. Na5 Rab8 32. Rc3 Nxa5 33. Rxa3 Nc6 34. Rab3 b5 35. cxb6 axb6 36. Rxb6 Rxb6 37. Rxb6 Nd4 38. Rb2 h5 39. h3 hxg4 40. hxg4 Rc8 41. Ba5 Bf7 42. Bb6 Rc2 43. Rxc2 Nxc2+ 44. Kd2 Na3 45. Bc5 Nb1+ 46. Kc2 Bxa2 47. Kb2 Nd2 48. Kxa2 Nf1 49. Bf3 Ng3 50. Bf2 Nf1 51. Kb2 Nh2 52. Be2 g6 53. Bg3 gxf5 54. gxf5 Kg7 55. Bxh2 Kh6 56. Kc3 Kg5 57. Kc4 Kxf5 58. Kd5 Kg5 59. Bxe5 fxe5 60. Kxe5 Kg6 61. Ke6 Kg5 62. d4 Kf4 63. d5 Ke3 64. d6 Kxe2 65. d7 1-0


[Site "https://www.chess.com"]

[Event "Titled Tuesday Blitz May 31 Early 2022"]
[White "Sjugirov, Sanan"]
[Black "Macovei, Andrei"]
[WhiteFideId "4189302"]
[BlackFideId "13904680"]
[WhiteElo "2602"]
[BlackElo "2472"]
[Result "1-0"]
[Round "04"]
[TimeControl "180+1"]
[Date "2022.05.31"]
[WhiteClock "0:00:15"]
[BlackClock "0:00:01"]

1. e4 c6 2. d4 d5 3. Nc3 dxe4 4. Nxe4 Nf6 5. Nxf6+ exf6 6. c3 Bd6 7. Bd3 Na6 8. Ne2 Nc7 9. O-O Ne6 10. Ng3 O-O 11. Re1 Re8 12. Be3 Bd7 13. c4 Bb4 14. Re2 Bf8 15. a3 g6 16. Re1 f5 17. d5 cxd5 18. cxd5 Nc5 19. Bf1 Ba4 20. Qf3 Ne4 21. Bc4 Rc8 22. b3 b5 23. Bf1 Bxb3 24. Bxb5 Re5 25. Bf4 Rc3 26. Re3 Rxd5 27. Rxc3 Nxc3 28. Bf1 Bg7 29. Rc1 Bd1 30. Qe3 Bd4 31. Qe1 Ba4 32. Rxc3 Bxc3 33. Qxc3 Rd1 34. Bh6 Qd4 35. Qc8+ Qd8 36. Qc4 Qd7 37. Qb4 Qe8 38. Qc3 f6 39. Qxf6 Qf7 40. Qe5 Rd8 41. h4 Re8 42. Qd4 Bd7 43. Bc4 Be6 44. Bxe6 Rxe6 45. Kh2 a6 46. Nf1 Re8 47. Ne3 Qe7 48. g3 Qe5 49. Qd7 Qe7 50. Qc6 Qe6 51. Qc3 Kf7 52. Qg7# 1-0


[Site "https://www.chess.com"]

[Event "Titled Tuesday Blitz May 31 Early 2022"]
[White "Skliarov, Viktor"]
[Black "Kamsky, Gata"]
[WhiteFideId "14106736"]
[BlackFideId "2000024"]
[WhiteElo "2229"]
[BlackElo "2645"]
[Result "1/2-1/2"]
[Round "04"]
[TimeControl "180+1"]
[Date "2022.05.31"]
[WhiteClock "0:00:19"]
[BlackClock "0:00:40"]

1. e4 e5 2. Nc3 Nf6 3. Bc4 Nc6 4. d3 Na5 5. Nge2 Nxc4 6. dxc4 d6 7. Ng3 g6 8. Bg5 Be7 9. O-O h6 10. Be3 c6 11. h3 Be6 12. b3 h5 13. Qd2 h4 14. Nge2 d5 15. cxd5 cxd5 16. exd5 Nxd5 17. Nxd5 Qxd5 18. Qxd5 Bxd5 19. c4 Bc6 20. f4 exf4 21. Nxf4 O-O 22. Rad1 Rfd8 23. Kf2 a6 24. Bb6 Rxd1 25. Rxd1 Re8 26. Nd5 Bg5 27. Be3 Bd8 28. Bd4 f5 29. Nf6+ Bxf6 30. Bxf6 Re4 31. Rd4 Rxd4 32. Bxd4 Kf7 33. Bb6 1/2-1/2


[Site "https://www.chess.com"]

[Event "Titled Tuesday Blitz May 31 Early 2022"]
[White "Stribuk, Artiom"]
[Black "Royal, Shreyas"]
[WhiteFideId "13515659"]
[BlackFideId "448869"]
[WhiteElo "2259"]
[BlackElo "1986"]
[Result "0-1"]
[Round "04"]
[TimeControl "180+1"]
[Date "2022.06.01"]
[WhiteClock "0:00:10"]
[BlackClock "0:00:17"]

1. e4 e5 2. Ne2 Nc6 3. Nbc3 Nf6 4. d4 exd4 5. Nxd4 Bb4 6. Nxc6 bxc6 7. Bd3 d5 8. exd5 cxd5 9. O-O O-O 10. h3 Rb8 11. Qf3 Re8 12. Bg5 c6 13. Rfe1 Be6 14. a3 Be7 15. Rab1 Qa5 16. Ne2 Ne4 17. Bxe7 Rxe7 18. Nd4 Qc5 19. Nxe6 Rxe6 20. Bxe4 dxe4 21. Rxe4 Qxc2 22. Rbe1 Rxe4 23. Qxe4 Qxe4 24. Rxe4 f5 25. Re2 Kf7 26. Rc2 Rb6 27. b4 Ke6 28. Rc5 g6 29. Kf1 Kd6 30. Ra5 Rb7 31. Ke2 Rc7 32. Kd3 c5 33. b5 Kd5 34. Kc3 Rb7 35. a4 f4 36. Ra6 Rf7 37. f3 g5 38. h4 gxh4 39. Rh6 Rg7 40. Rh5+ Kd6 41. Rxh4 Rxg2 42. Rxh7 Rg3 43. Rxa7 Rxf3+ 44. Kc4 Rf1 45. Ra6+ Ke5 46. Kxc5 Rc1+ 47. Kb4 f3 48. Ra8 f2 49. Re8+ Kd6 50. Rf8 f1=Q 51. Rxf1 Rxf1 52. Ka5 Kc7 53. Ka6 Kb8 54. a5 Rf6+ 55. b6 Rf5 0-1


[Site "https://www.chess.com"]

[Event "Titled Tuesday Blitz May 31 Early 2022"]
[White "Suleymanli, Suleyman"]
[Black "Maghsoodloo, Parham"]
[WhiteFideId "13416375"]
[BlackFideId "12539929"]
[WhiteElo "1598"]
[BlackElo "2630"]
[Result "0-1"]
[Round "04"]
[TimeControl "180+1"]
[Date "2022.06.01"]
[WhiteClock "0:00:27"]
[BlackClock "0:01:50"]

1. Nf3 d5 2. g3 c6 3. Bg2 Bg4 4. d4 Nd7 5. O-O e6 6. c4 Bd6 7. Nc3 Ne7 8. b3 O-O 9. Bb2 a5 10. Qc2 Rc8 11. e4 b5 12. c5 Bc7 13. e5 f6 14. exf6 gxf6 15. Rfe1 e5 16. h3 Bf5 17. Qe2 Ng6 18. Bc1 e4 19. Nh2 b4 20. Nd1 Be6 21. Bh6 Rf7 22. Ne3 f5 23. f4 Qf6 24. Bg5 Qxd4 25. h4 Nxc5 26. h5 Nf8 27. Kh1 Nd3 28. Red1 Bb6 29. Nhf1 c5 30. Nc2 Qc3 31. Ne1 c4 32. Nxd3 cxd3 33. Qd2 Bd4 34. Rac1 Qxd2 35. Nxd2 Rc2 36. Rxc2 dxc2 37. Rc1 Rc7 38. Bd8 Rc8 39. Rxc2 Rxc2 0-1


[Site "https://www.chess.com"]

[Event "Titled Tuesday Blitz May 31 Early 2022"]
[White "Swiercz, Dariusz"]
[Black "Melikyan, Gnel"]
[WhiteFideId "1126881"]
[BlackFideId "54109990"]
[WhiteElo "2627"]
[BlackElo "1772"]
[Result "1-0"]
[Round "04"]
[TimeControl "180+1"]
[Date "2022.05.31"]
[WhiteClock "0:00:05"]
[BlackClock "0:00:02"]

1. d4 Nf6 2. Bg5 d5 3. e3 c6 4. Nd2 Bf5 5. Bxf6 exf6 6. Ngf3 Nd7 7. c4 dxc4 8. Bxc4 Nb6 9. Bb3 Bd3 10. Bxf7+ Kd7 11. Qb3 Ba6 12. Bc4 Nxc4 13. Nxc4 Qe7 14. O-O Qb4 15. Qxb4 Bxb4 16. Rfc1 Rac8 17. a3 Be7 18. b4 Rhd8 19. h3 Ke6 20. Na5 Kd7 21. Rc3 b6 22. Nc4 c5 23. bxc5 bxc5 24. d5 Rb8 25. Rac1 Rb5 26. e4 Rdb8 27. Nfd2 R5b7 28. f4 Bb5 29. Nf3 Ba4 30. e5 fxe5 31. fxe5 Rb3 32. e6+ Kc7 33. Nfe5 Rxc3 34. Rxc3 Rb1+ 35. Kf2 Rd1 36. Rd3 Rxd3 37. Nxd3 Bb3 38. Nde5 Bd6 39. Ke3 Ba2 40. Ke4 Bb1+ 41. Nd3 Ba2 42. Nce5 c4 43. Nb4 c3 44. Nxa2 c2 45. Nc4 Be7 46. Kd3 1-0


[Site "https://www.chess.com"]

[Event "Titled Tuesday Blitz May 31 Early 2022"]
[White "Turzo, Attila"]
[Black "Haas, Michael"]
[WhiteFideId "704954"]
[BlackFideId "1629514"]
[WhiteElo "2532"]
[BlackElo "1982"]
[Result "1/2-1/2"]
[Round "04"]
[TimeControl "180+1"]
[Date "2022.06.01"]
[WhiteClock "0:00:12"]
[BlackClock "0:00:04"]

1. d4 d5 2. Nf3 Nf6 3. c3 e6 4. Bf4 Be7 5. e3 O-O 6. h3 c5 7. Nbd2 b6 8. a4 Bb7 9. a5 bxa5 10. Nb3 Nc6 11. Ne5 Nxe5 12. Bxe5 Nd7 13. Bg3 a4 14. Rxa4 Qb6 15. Ra2 a5 16. Be2 a4 17. Nc1 Bc6 18. O-O c4 19. e4 Nf6 20. exd5 exd5 21. Bh4 Rfe8 22. Bf3 h6 23. Ne2 Qb3 24. Qa1 g6 25. Bg3 Qb7 26. Be5 Qd7 27. Re1 Nh7 28. Ng3 Bd6 29. Qc1 Ng5 30. Bg4 f5 31. Be2 Ne4 32. Qxh6 Bxe5 33. dxe5 Qg7 34. Qxg7+ Kxg7 35. Nxe4 fxe4 36. f4 exf3 37. Bxf3 Re6 38. Bd1 Rae8 39. Kf2 Rxe5 40. Rxe5 Rxe5 41. Bxa4 Rf5+ 42. Kg3 Bxa4 43. Rxa4 Kh6 44. Ra5 Re5 45. Rb5 Re2 46. Rxd5 Rxb2 47. Rd4 g5 48. Rxc4 Kh5 49. Rc8 Rc2 50. c4 g4 51. Rc5+ Kg6 52. hxg4 Rc3+ 53. Kf4 Kg7 54. Rc7+ Kg6 55. Rc6+ Kg7 56. g3 Rc1 57. g5 Rc3 58. c5 Rc4+ 59. Kf5 Rc3 60. Rc7+ Kg8 61. g4 Rc1 62. g6 Rf1+ 63. Kg5 Rc1 64. c6 Rc2 65. Kh6 Rh2+ 66. Kg5 Rc2 67. Rc8+ Kg7 68. Rc7+ Kg8 1/2-1/2


[Site "https://www.chess.com"]